 Dungeon Crawl Stone Soup version 0.29.1-15-g9cfb28693d (webtiles) character file.

Game seed: 15550457405658207444

1494 sentinel the Thaumaturge (level 9, -7/71 HPs)
             Began as a Meteoran Earth Elementalist on Aug 3, 2023.
             Was a Follower of Cheibriados.
             Engulfed by a cloud of poison gas (9 damage)
             ... on level 9 of the Dungeon.
             The game lasted 00:07:24 (679 turns).

sentinel the Thaumaturge (MeEE)                      Turns: 679, Time: 00:07:25

Health: -7/71      AC:  6    Str: 12    XL:     9   Next: 29%
Magic:  1/24       EV: 13    Int: 22    God:    Cheibriados [*.....]
Gold:   0          SH:  0    Dex: 18    Spells: 22/28 levels left

rFire   + . .      SeeInvis .   i - +2 dagger (venom)
rCold   . . .      Faith    .   (no shield)
rNeg    . . .      Spirit   .   o - +0 steam dragon scales
rPois   .          Reflect  .   j - +0 helmet
rElec   .          Harm     .   (no cloak)
rCorr   .          Rampage  .   (no gloves)
Will    +....                   (no boots)
Stlth   +.........              (no amulet)
HPRegen 0.21/turn               f - ring of protection from fire
MPRegen 0.19/turn               (no ring)

@: lethally poisoned (-7 -> -22), glowing, very slow
A: sense surroundings 2, otherworldly, glowing, explore regen
a: Renounce Religion, Bend Time


You were on level 9 of the Dungeon.
You worshipped Cheibriados.
Cheibriados was aware of your devotion.
You visited 2 branches of the dungeon, and saw 11 of its levels.

Inventory:

Hand Weapons
 i - a +2 dagger of venom (weapon)
Armour
 a - a +0 robe
 j - a +0 helmet (worn)
 o - +0 steam dragon scales (worn)
Jewellery
 f - a ring of protection from fire (left hand)
Scrolls
 l - a scroll of acquirement
 r - a scroll of identify
Potions
 b - a potion of magic
 e - a potion of degeneration {unknown}
 g - a potion of might {unknown}
 n - a potion of resistance {unknown}
 q - a potion of haste {unknown}


   Skills:
 - Level 4.0 Fighting
 - Level 2.4 Dodging
 - Level 1.4 Stealth
 + Level 10.1 Spellcasting
 - Level 3.0 Conjurations
 - Level 1.2 Transmutations
 - Level 7.0 Earth Magic


You had 22 spell levels left.
You knew the following spells:

 Your Spells              Type           Power      Damage    Failure   Level
a - Sandblast             Erth           82%        2d17      1%          1
h - Stone Arrow           Conj/Erth      66%        3d11      2%          3
j - Passwall              Tmut/Erth      24%        N/A       1%          2

Your spell library contained the following spells:

 Spells                   Type           Power      Damage    Failure   Level
 Sting                    Tmut/Pois      52%        1d5       4%          1
 Wereblood                Tmut           16%        N/A       5%          2
 Petrify                  Tmut/Erth      29%        N/A       11%         4
 Metabolic Englaciation   Hex/Ice        5%         N/A       86%         5
 Eringya's Noxious Bog    Tmut/Pois      6%         N/A       100%        6


Dungeon Overview and Level Annotations

Branches:
Dungeon (10/15) Zot: 8067  Temple (1/1) D:4 Zot: 849     Orc (0/2) D:10
   Lair: D:8-11

Altars:
Cheibriados
Dithmenos
Gozag
Hepliaklqana
Makhleb
Nemelex Xobeh
Okawaru
Ru
Uskayaw
Vehumet
Yredelemnul
Zin


Innate Abilities, Weirdness & Mutations

You passively map the area around you.
You are easily found by Zot.
You glow in the dark.
You regain HP and MP as you explore.


Message History

The warg barely misses you.
You climb upwards.
There is a stone staircase leading down here.
The blast of sand hits the warg!
You kill the warg!
Cheibriados thoroughly appreciates the change of pace.
Your Spellcasting skill increases to level 9!
You open the door.
A bullfrog, a centaur and an orc wizard come into view.
The bullfrog gives a loud, deep croak!
The centaur shouts!
The orc wizard shouts!
You hear a shout!
You hear two shouts!
You hear a shout!
You hear a bellow!
You hear a shout!
A killer bee comes into view.
The bullfrog hits you.
The orc wizard mumbles some strange words.
The orc wizard flickers and vanishes!
Deactivating autopickup; reactivate with Ctrl-A.
You hear an angry hiss.
The killer bee buzzes angrily.
Found 24 gold pieces.
You aren't carrying any items that you can evoke.
Unknown command.
Okay, then.
You aren't carrying any items that you can evoke.
Unknown command.
The blast of sand hits the bullfrog!
The bullfrog is heavily wounded.
You hear an angry hiss.
You hear a shout!
The bullfrog barely misses you.
An orc warrior comes into view. It is wielding a +0 war axe.
The bullfrog barely misses you.
You hear an angry hiss.
You aren't carrying any items that you can evoke.
Unknown command.
Casting: Sandblast (safe; 1% risk of failure)
Confirm with . or Enter, or press ? or * to list all spells.
Aiming: Stone Arrow (mildly dangerous; 2% risk of failure)
Press: ? - help, Shift-Dir - straight line, f/p - bullfrog
Aim: a bullfrog (heavily wounded, 67% to hit)
Okay, then.
As you read the scroll labelled JESOES PAOXZISCH, it crumbles to dust.
It is a scroll of identify.
c - a scroll of fear;
r - a scroll of identify The bullfrog hits you.
Okay, then.
The blast of sand hits the bullfrog!
You kill the bullfrog!
Cheibriados thoroughly appreciates the change of pace.
The killer bee barely misses you. The killer bee misses you.
A two-headed ogre comes into view.
It is wielding a +0 giant spiked club and a +0 giant club.
The blast of sand hits the killer bee.
The killer bee is lightly wounded.
The two-headed ogre shouts in stereo!
The killer bee stings you. x2
You are poisoned.
The killer bee poisons you! The killer bee misses you.
The blast of sand hits the killer bee!
The killer bee is heavily wounded.
You feel sick.
The killer bee stings you but does no damage.
The killer bee misses you.
A wyvern comes into view.
The killer bee stings you.
The wyvern moves out of view.
Okay, then.
The blast of sand misses the killer bee.
The blast of sand hits the centaur!!
You kill the centaur!
Cheibriados thoroughly appreciates the change of pace.
You feel sick. The killer bee barely misses you. The killer bee stings you.
As you read the scroll of fear, it crumbles to dust.
You assume a fearsome visage.
The killer bee looks frightened!
The orc warrior looks frightened!
The two-headed ogre looks frightened!
The wyvern looks frightened!
You aren't carrying any items that you can evoke.
Unknown command.
Throw: throwing net
Press: ? - help, Shift-Dir - straight line, f - two-headed ogre
Aim: a two-headed ogre, wielding a +0 giant spiked club and a +0 giant club (fleeing, 77% to hit)
You throw a throwing net.
The throwing net barely misses the two-headed ogre.
You feel sick.
Cornered, the wyvern turns to fight!
A wight comes into view. It is wielding a +4 short sword.
You feel sick. The killer bee closely misses you. The killer bee stings you!
You aren't carrying any items that you can evoke.
Unknown command.
Casting: Sandblast (safe; 1% risk of failure)
Confirm with . or Enter, or press ? or * to list all spells.
Aiming: Stone Arrow (mildly dangerous; 2% risk of failure)
Press: ? - help, Shift-Dir - straight line, f/p - two-headed ogre
Aim: a two-headed ogre, wielding a +0 giant spiked club and a +0 giant club (fleeing, 88% to hit)
The stone arrow misses the killer bee.
The stone arrow hits the two-headed ogre!!
The two-headed ogre is heavily wounded.
Your attack snaps the two-headed ogre out of its fear.
You feel sick.
You are no longer poisoned.
The killer bee stings you. The killer bee misses you.
Casting: Stone Arrow (mildly dangerous; 2% risk of failure)
Confirm with . or Enter, or press ? or * to list all spells.
Aiming: Stone Arrow (mildly dangerous; 2% risk of failure)
Press: ? - help, Shift-Dir - straight line, f/p - two-headed ogre
Aim: a two-headed ogre, wielding a +0 giant spiked club and a +0 giant club (heavily wounded, 88% to hit)
The stone arrow hits the killer bee!!
You kill the killer bee!
Cheibriados thoroughly appreciates the change of pace.
A water moccasin comes into view.
Your Spellcasting skill increases to level 10!
Casting: Stone Arrow (mildly dangerous; 2% risk of failure)
Confirm with . or Enter, or press ? or * to list all spells.
Aiming: Sandblast (safe; 1% risk of failure)
Press: ? - help, Shift-Dir - straight line, f/p - two-headed ogre
Aim: a two-headed ogre, wielding a +0 giant spiked club and a +0 giant club (heavily wounded, 93% to hit)
Okay, then.
Casting: Sandblast (safe; 1% risk of failure)
Confirm with . or Enter, or press ? or * to list all spells.
Aiming: Stone Arrow (mildly dangerous; 2% risk of failure)
Press: ? - help, Shift-Dir - straight line, p - two-headed ogre The stone arrow hits the two-headed ogre!
The two-headed ogre is severely wounded.
The two-headed ogre completely misses you.
The two-headed ogre hits you with a +0 giant club!!
* * * LOW HITPOINT WARNING * * *
HP warning!
Unknown command.
Okay, then.
Okay, then.
As you read the scroll labelled WYS JU CEOVEST, it crumbles to dust.
It is a scroll of amnesia.
Really abort (and waste the scroll)?
Okay, then.
HP warning!
Unknown command.
You aren't carrying any items that you can evoke.
Unknown command.
The air fills with toxic fumes!
As you read the scroll labelled OCABBA CUUV, it crumbles to dust.
It was a scroll of poison.
The two-headed ogre barely misses you. The two-headed ogre closely misses you.
HP warning!
This is a scroll of acquirement!
Okay, then.
You aren't carrying any items that you can evoke.
Unknown command.
Okay, then.
Blink to where?
Press: ? - help, Dir - move target Really blink into that cloud of poison gas?
As you read the scroll labelled CADDUXTILA, it crumbles to dust.
It was a scroll of blinking.
You are engulfed in poison gas.
You are lethally poisoned!
You die...

,,**
#.........###†......(# ,,
, ...........###.##....*
, ,,
...........###)##.... ,
,, ,
.....................# ,
###
#..........####)#....# ,
.... ##.......#.# *.#
#### #..########....## ..
, * #.... #####.....##
##.,
***###.##.##.§§§@###..# .
,
#...##$..>§§§#####.###...
#...###..§§§§§##.......#,
#§.......§§§§§.....#####
, #§§..##.§§§§§§.#.### ,
#§§§####§§§§§§...# , ,
##§§§§§§§§§§§§§.....#
#§§§§§§§§§§§§§§######
*#§§§#§#O#§#§§§§§# ,


There were no monsters in sight!

Vanquished Creatures
  A steam dragon (D:9)
  2 wargs
  A water moccasin (D:6)
  An ice beast (D:5)
  An orc warrior (D:8)
  An ogre (D:6)
  A centaur (D:9)
  A phantom (D:4)
  A kobold brigand (D:8)
  2 bullfrogs (D:9)
  A necrophage (D:5)
  A scorpion (D:5)
  A killer bee (D:9)
  A hound (D:4)
  2 jellies
  An orc wizard (D:9)
  Robin (D:4)
  A gnoll (D:8)
  4 adders
  A white imp (D:5)
  3 ufetubi
  A dart slug (D:1)
  9 orcs
  A ball python (D:1)
  4 endoplasms
  A giant cockroach (D:3)
  10 goblins
  5 hobgoblins (D:4)
  2 quokkas
  4 bats
  4 kobolds
70 creatures vanquished.

Notes
Turn   | Place    | Note
-------+----------+-------------------------------------------
     0 | D:1      | sentinel the Meteoran Earth Elementalist began the quest
                  | for the Orb.
     0 | D:1      | Reached XP level 1. HP: 14/14 MP: 5/5
    49 | D:2      | Reached XP level 2. HP: 20/20 MP: 4/6
    50 | D:2      | Found a hide-covered altar of Uskayaw.
    81 | D:2      | Reached XP level 3. HP: 26/26 MP: 4/8
    84 | D:2      | Learned a level 2 spell: Passwall
    88 | D:2      | Learned a level 3 spell: Stone Arrow
   138 | D:3      | Reached skill level 3 in Spellcasting
   138 | D:3      | Reached skill level 1 in Conjurations
   138 | D:3      | Reached XP level 4. HP: 33/33 MP: 7/9
   143 | D:3      | Reached skill level 5 in Earth Magic
   195 | D:4      | Noticed a phantom
   200 | D:4      | Killed a phantom
   201 | D:4      | Reached skill level 4 in Spellcasting
   201 | D:4      | Reached XP level 5. HP: 19/38 MP: 5/12
   216 | D:5      | Entered Level 5 of the Dungeon
   230 | D:4      | Got the Anthology of the Iceberg and Transmigration
   238 | D:4      | Reached XP level 6. HP: 28/45 MP: 14/14
   271 | D:4      | Noticed Robin
   279 | D:4      | Killed Robin
   280 | D:4      | Reached skill level 5 in Spellcasting
   300 | D:4      | Found a staircase to the Ecumenical Temple.
   315 | Temple   | Entered the Ecumenical Temple
   335 | Temple   | Became a worshipper of Cheibriados the Contemplative
   370 | D:5      | Reached skill level 1 in Fighting
   393 | D:5      | Reached XP level 7. HP: 33/55 MP: 10/16
   427 | D:6      | Noticed a water moccasin
   430 | D:6      | Killed a water moccasin
   431 | D:6      | Reached skill level 6 in Spellcasting
   435 | D:6      | Reached XP level 8. HP: 63/63 MP: 12/18
   480 | D:8      | Found a sparkling altar of Nemelex Xobeh.
   523 | D:8      | Reached * piety under Cheibriados
   527 | D:8      | Reached skill level 7 in Spellcasting
   579 | D:9      | Noticed a steam dragon
   591 | D:9      | Killed a steam dragon
   592 | D:9      | Reached skill level 8 in Spellcasting
   639 | D:10     | Entered Level 10 of the Dungeon
   642 | D:10     | Found a staircase to the Orcish Mines.
   645 | D:10     | Gained mutation: You passively map the area around you.
                  | [Meteoran growth]
   645 | D:10     | Reached XP level 9. HP: 71/71 MP: 15/22
   655 | D:9      | Reached skill level 9 in Spellcasting
   667 | D:9      | Noticed a two-headed ogre
   676 | D:9      | Reached skill level 10 in Spellcasting
   676 | D:9      | HP: 1/71 [two-headed ogre/+0 giant spiked club (19)]
   679 | D:9      | Identified a scroll of acquirement
   679 | D:9      | Engulfed by a cloud of poison gas

Illustrated notes

Levels and vault maps discovered:
D:1:      dpeg_arrival_simpleton_c, layout_basic, serial_shops,
          nicolae_shop_crystal, serial_bayou_pond_c
D:2:      minmay_chambers_of_ones, layout_rooms, basic_altar
D:3:      layout_loops_ring, mainiacjoe_overflow_small_starburst,
          minmay_misc_feat_four_crosses, corexii_leaking_fountain
D:4:      layout_loops_corners, ashenzari_altar_1, mainiacjoe_overflow_24_doors,
          nicolae_overflow_quartered_altars, minmay_temple_entry_glass,
          minmay_checkerbox, uniq_robin
D:5:      layout_basic, gammafunk_ghost_abyssal_escape, uniq_prince_ribbit1,
          uniq_blork_the_orc, uniq_duvessa
D:6:      layout_cave_pools, serial_column_ruins, column_ruins_corridor_corner,
          column_ruins_grid_1, column_ruins_open_small, column_ruins_open_small,
          uniq_eustachio
D:7:      layout_rooms, elyvilon_altar_3, uniq_joseph
D:8:      layout_rooms, lemuel_crystal_altar,
          ploomutoo_gammafunk_ghost_potion_laboratory
D:9:      layout_rooms, onia_ninara_cookie
D:10:     layout_basic, lair_entry_dummy, minmay_orc_entry_guard_dogs
Temple:   compressed_dpeg_triangle_lava_temple

Skill      XL: |  1  2  3  4  5  6  7  8  9 |
---------------+----------------------------+-----
Earth Magic    | 4 5 6 7 |  7.0
Spellcasting   | 3 4 5 6 8 10 | 10.1
Conjurations   | 1 2 3 |  3.0
Fighting       | 2 3 4 |  4.0
Dodging        | |  2.4
Stealth        | |  1.4
Transmutations | |  1.2

Action                   |  1- 3 |  4- 6 |  7- 9 || total
-------------------------+-------+-------+-------++-------
Throw: Throwing net      |       |       |     1 ||     1
 Cast: Sandblast         |    16 |    49 |    40 ||   105
       Passwall          |       |     1 |     1 ||     2
       Stone Arrow       |       |       |    19 ||    19
  Use: Scroll            |       |       |     5 ||     5
Armor: Robe              |     2 |     3 |     5 ||    10
       Steam dragon scal |       |       |     3 ||     3
Dodge: Dodged            |     7 |    23 |    35 ||    65
